 Dungeon Crawl Stone Soup version 0.29.0-4-gdea44cf6ec (webtiles) character file.

Game seed: 772806248127700686

1941 qw the Blocker (level 8, -2/74 HPs)
             Began as a Troll Cinder Acolyte on Sept 2, 2022.
             Was a Priest of Ignis.
             Slain by an unseen horror (5 damage)
             ... on level 7 of the Dungeon.
             The game lasted 00:03:33 (5686 turns).

qw the Blocker (Troll Cinder Acolyte)               Turns: 5686, Time: 00:03:34

Health: -2/74      AC:  4    Str: 25    XL:     8   Next: 98%
Magic:  8/8        EV:  7    Int: 10    God:    Ignis [***...]
Gold:   187        SH: 15    Dex:  5    Spells: 9/9 levels left

rFire   + . .      SeeInvis .     - Unarmed
rCold   . . .      Faith    .   g - +2 tower shield
rNeg    . . .      Spirit   .   a - +0 robe
rPois   .          Reflect  .   (helmet restricted)
rElec   .          Harm     .   (no cloak)
rCorr   .          Rampage  .   (gloves unavailable)
Will    .....                   (boots unavailable)
Stlth   +.........              (no amulet)
HPRegen 1.02/turn               (no ring)
MPRegen 0.11/turn               (no ring)

@: no status effects
A: large, unfitting armour, claws 3, regeneration 1, shaggy fur 1, tough skin 1
a: Renounce Religion, Fiery Armour, Foxfire Swarm, Rising Flame


You were on level 7 of the Dungeon.
You worshipped Ignis.
Ignis was most pleased with you.
You visited 1 branch of the dungeon, and saw 7 of its levels.

You collected 226 gold pieces.
You spent 39 gold pieces at shops.


Innate Abilities, Weirdness & Mutations

You are too large for most types of armour.
You have claws for hands.
Your natural rate of healing is unusually fast.
You are covered in fur. (AC +1)
You have tough skin. (AC +1)


   Skills:
 - Level 2.4 Fighting
 + Level 8.7 Shields
 - Level 7.3 Unarmed Combat
 - Level 1.0 Spellcasting
 - Level 2.1 Fire Magic


You had 9 spell levels left.
You didn't know any spells.
Your spell library contained the following spells:

 Spells                   Type           Power      Damage    Failure   Level
 Scorch                   Fire           8%         2d5       67%         2

Inventory:

Armour
 a - a +0 robe (worn)
 g - a +2 tower shield (worn)
Wands
 e - a wand of digging (7)
Scrolls
 f - 3 scrolls of teleportation
 i - 2 scrolls of identify
 k - a scroll of acquirement {unknown}
Potions
 b - 3 potions of haste
 c - 2 potions of mutation
 d - 5 potions of curing
 h - a potion of might
 j - a potion of ambrosia {unknown}
 p - a potion of berserk rage {unknown}

Dungeon Overview and Level Annotations

Branches:
Dungeon (7/15)             Temple (0/1) D:4

Altars:
Ashenzari
Fedhas
Kikubaaqudgha
Makhleb
Qazlal
Trog
Uskayaw
Wu Jian
Zin

Shops:
D:1 *   D:3 *

Annotations:
D:2 1 runed translucent door, Crazy Yiuf


Message History

Your fiery armour burns out.
Something hits you!
You miss something. You block something's attack. x2
You swing at nothing.
Something hits you! Something hits you but does no damage.
You completely miss something. Something hits you.
You barely miss something. Something hits you.
You swing at nothing.
Something hits you.
You swing at nothing.
Something hits you.
You swing at nothing.
Something hits you but does no damage.
You swing at nothing.
Something hits you but does no damage.
You swing at nothing.
You block something's attack. Something hits you.
You swing at nothing.
Something hits you but does no damage.
You swing at nothing.
You block something's attack. Something hits you!
You closely miss something. Something hits you! Something hits you.
You miss something. Something hits you.
You swing at nothing.
You block something's attack. Something hits you but does no damage.
You block something's attack.
You swing at nothing.
You block something's attack.
You swing at nothing.
Something hits you.
You swing at nothing.
Something hits you.
You miss something. Something hits you.
You die...

... .# ###.# #
..... .# # .# ##
###.## ###.#.# #$
.#... .......
#.#... ##.###
#...# ##.# #@#
...# #.# ##.# #.#
##.#############.#
...##.#.......##.#
##.#....#####.##.#
#.)....#####.##.#
##...............#
###.....#####.####


There were no monsters in sight!

Vanquished Creatures
  Eustachio (D:5)
  Menkaure (D:5)
  Edmund (D:5)
  2 water moccasins
  Duvessa (D:6)
  A black bear (D:5)
  An ice beast (D:6)
  An ogre (D:6)
  A sky beast (D:7)
  A phantom (D:7)
  A bullfrog (D:6)
  2 scorpions (D:6)
  Dowan (D:6)
  2 howler monkeys
  A hound (D:7)
  3 orc priests (D:4)
  A jelly (D:6)
  An iguana (D:6)
  Ijyb (D:3)
  2 orc wizards
  Terence (D:2)
  Robin (D:4)
  10 adders
  A gnoll (D:1)
  A river rat (D:4)
  A white imp (D:5)
  An ufetubus (D:5)
  3 worms
  A dart slug (D:3)
  9 orcs
  10 ball pythons
  An endoplasm (D:2)
  9 giant cockroaches
  18 goblins
  8 hobgoblins
  3 jackals (D:1)
  4 quokkas
  10 bats
  2 frilled lizards (D:1)
  6 kobolds
  4 rats
130 creatures vanquished.

Notes
Turn   | Place    | Note
-------+----------+-------------------------------------------
     0 | D:1      | qw the Troll Cinder Acolyte began the quest for the Orb.
     0 | D:1      | Reached XP level 1. HP: 22/22 MP: 1/1
     0 | D:1      | 0 ||| qw: Version: 0.1-a-97-g2dd2ca4
     0 | D:1      | 0 ||| qw: Game counter: 4988
     0 | D:1      | 0 ||| qw: Always use a shield: true
     0 | D:1      | 0 ||| qw: God list: Okawaru
     0 | D:1      | 0 ||| qw: Allow faded altars: false
     0 | D:1      | 0 ||| qw: Do Orc after D:15 true
     0 | D:1      | 0 ||| qw: Do second Lair branch before Depths: true
     0 | D:1      | 0 ||| qw: Lair rune preference: random
     0 | D:1      | 0 ||| qw: Plans: Normal
     0 | D:1      | 0 ||| PLANNING D:1-11
   109 | D:1      | Reached XP level 2. HP: 29/29 MP: 2/2
   261 | D:1      | 261 ||| Stepping ~*~*~tactically~*~*~ (stealth).
   263 | D:1      | 263 ||| Stepping ~*~*~tactically~*~*~ (stealth).
   267 | D:1      | 267 ||| Stepping ~*~*~tactically~*~*~ (outnumbered).
   280 | D:1      | Reached XP level 3. HP: 33/36 MP: 3/3
   438 | D:1      | Found Mius's General Store.
   446 | D:1      | 446 ||| SHOPLISTING +4 ring of evasion (396 gold, have 28).
   446 | D:1      | 446 ||| BUYING scroll of identify (22 gold).
   446 | D:1      | Bought a scroll of identify for 22 gold pieces
   550 | D:1      | 550 ||| READING scroll labelled CECKEBBYJUT.
   551 | D:1      | 551 ||| READING scroll labelled GAWAFI TIDI.
   552 | D:1      | 552 ||| READING scroll labelled NIREZXE VILAI.
   553 | D:1      | 553 ||| READING scroll labelled NEYVID WOYQI.
   558 | D:1      | 558 ||| DRINKING 2 ruby potions.
   559 | D:1      | 559 ||| DRINKING 2 coppery potions.
   560 | D:1      | 560 ||| READING 2 scrolls of identify.
   560 | D:1      | 560 ||| IDENTIFYING grey potion
   561 | D:1      | 561 ||| DROPPING potion of degeneration.
   697 | D:2      | Noticed Terence
   708 | D:2      | Killed Terence
   774 | D:2      | Reached XP level 4. HP: 44/44 MP: 4/4
   839 | D:2      | Identified the +4 long sword of Embarrassment {pain, *Rage
                  | rC+ Will+ Int+5}
   945 | D:2      | 945 ||| Stepping ~*~*~tactically~*~*~ (outnumbered).
   948 | D:2      | 948 ||| Stepping ~*~*~tactically~*~*~ (outnumbered).
   949 | D:2      | 949 ||| Stepping ~*~*~tactically~*~*~ (outnumbered).
   950 | D:2      | 950 ||| Stepping ~*~*~tactically~*~*~ (outnumbered).
   951 | D:2      | 951 ||| INVOKING Fiery Armour.
   953 | D:2      | 953 ||| Stepping ~*~*~tactically~*~*~ (outnumbered).
   954 | D:2      | HP: 11/44 [poisoned by a kobold]
   959 | D:2      | HP: 8/44 [poisoned by a kobold]
   978 | D:2      | 978 ||| Stepping ~*~*~tactically~*~*~ (stealth).
   981 | D:2      | 981 ||| Stepping ~*~*~tactically~*~*~ (stealth).
   988 | D:2      | 988 ||| Stepping ~*~*~tactically~*~*~ (stealth).
   992 | D:2      | 992 ||| Stepping ~*~*~tactically~*~*~ (stealth).
  1197 | D:2      | 1197 ||| Stepping ~*~*~tactically~*~*~ (stealth).
  1198 | D:2      | 1198 ||| Stepping ~*~*~tactically~*~*~ (stealth).
  1199 | D:2      | 1199 ||| Stepping ~*~*~tactically~*~*~ (stealth).
  1200 | D:2      | 1200 ||| Stepping ~*~*~tactically~*~*~ (stealth).
  1321 | D:2      | Found a runed translucent door.
  1322 | D:2      | Noticed Crazy Yiuf
  1433 | D:2      | 1433 ||| DRINKING 2 fuming coppery potions.
  1434 | D:2      | 1434 ||| READING 4 scrolls of identify.
  1434 | D:2      | 1434 ||| IDENTIFYING bubbling coppery potion
  1435 | D:2      | 1435 ||| READING 3 scrolls of identify.
  1435 | D:2      | 1435 ||| IDENTIFYING fuming orange potion
  1436 | D:2      | 1436 ||| DROPPING potion of brilliance.
  1437 | D:2      | 1437 ||| DROPPING potion of magic.
  1535 | D:3      | Found a stormy altar of Qazlal.
  1618 | D:3      | 1618 ||| Stepping randomly (stuck).
  1619 | D:3      | 1619 ||| Stepping randomly (stuck).
  1621 | D:3      | 1621 ||| Stepping randomly (stuck).
  1623 | D:3      | 1623 ||| Stepping randomly (stuck).
  1624 | D:3      | 1624 ||| Stepping randomly (stuck).
  1625 | D:3      | 1625 ||| Stepping randomly (stuck).
  1627 | D:3      | 1627 ||| Stepping randomly (stuck).
  1629 | D:3      | 1629 ||| Stepping randomly (stuck).
  1630 | D:3      | 1630 ||| Stepping randomly (stuck).
  1631 | D:3      | 1631 ||| Stepping randomly (stuck).
  1632 | D:3      | 1632 ||| Stepping randomly (stuck).
  1633 | D:3      | 1633 ||| Stepping randomly (stuck).
  1634 | D:3      | 1634 ||| Stepping randomly (stuck).
  1635 | D:3      | 1635 ||| Stepping randomly (stuck).
  1636 | D:3      | 1636 ||| Stepping randomly (stuck).
  1637 | D:3      | 1637 ||| Stepping randomly (stuck).
  1639 | D:3      | 1639 ||| Stepping randomly (stuck).
  1640 | D:3      | 1640 ||| Stepping randomly (stuck).
  1641 | D:3      | 1641 ||| Stepping randomly (stuck).
  1642 | D:3      | 1642 ||| Stepping randomly (stuck).
  1643 | D:3      | 1643 ||| Stepping randomly (stuck).
  1644 | D:3      | 1644 ||| Stepping randomly (stuck).
  1645 | D:3      | 1645 ||| Stepping randomly (stuck).
  1646 | D:3      | 1646 ||| Stepping randomly (stuck).
  1647 | D:3      | 1647 ||| Stepping randomly (stuck).
  1648 | D:3      | 1648 ||| Stepping randomly (stuck).
  1649 | D:3      | 1649 ||| Stepping randomly (stuck).
  1650 | D:3      | 1650 ||| Stepping randomly (stuck).
  1833 | D:3      | 1833 ||| Stepping ~*~*~tactically~*~*~ (stealth).
  1967 | D:3      | Noticed Ijyb
  1983 | D:3      | Killed Ijyb
  2054 | D:3      | 2054 ||| READING 2 scrolls of identify.
  2054 | D:3      | 2054 ||| IDENTIFYING fuming grey potion
  2055 | D:3      | 2055 ||| Stepping randomly (stuck).
  2062 | D:3      | 2062 ||| Stepping ~*~*~tactically~*~*~ (stealth).
  2064 | D:3      | Reached XP level 5. HP: 47/50 MP: 5/5
  2165 | D:3      | 2165 ||| Stepping randomly (stuck).
  2167 | D:3      | 2167 ||| Stepping randomly (stuck).
  2169 | D:3      | 2169 ||| Stepping randomly (stuck).
  2173 | D:3      | 2173 ||| Stepping randomly (stuck).
  2174 | D:3      | 2174 ||| Stepping randomly (stuck).
  2175 | D:3      | 2175 ||| Stepping randomly (stuck).
  2176 | D:3      | 2176 ||| Stepping randomly (stuck).
  2177 | D:3      | 2177 ||| Stepping randomly (stuck).
  2452 | D:3      | Found Deluxisch's Assorted Antiques.
  2461 | D:3      | 2461 ||| SHOPLISTING potion of haste (170 gold, have 61).
  2461 | D:3      | 2461 ||| SHOPLISTING potion of heal wounds (85 gold, have
                  | 61).
  2461 | D:3      | 2461 ||| BUYING scroll labelled YBIHUSK NUMU (17 gold).
  2461 | D:3      | Bought a scroll labelled YBIHUSK NUMU for 17 gold pieces
  2461 | D:3      | 2461 ||| SHOPLISTING shiny orb (204 gold, have 44).
  2562 | D:3      | 2562 ||| Stepping ~*~*~tactically~*~*~ (stealth).
  2574 | D:3      | Found a faded altar of an unknown god.
  2692 | D:3      | 2692 ||| READING scroll labelled YBIHUSK NUMU.
  3004 | D:3      | 3004 ||| Stepping randomly (stuck).
  3011 | D:4      | 3011 ||| PLANNING SEWER
  3060 | D:4      | 3060 ||| Stepping ~*~*~tactically~*~*~ (stealth).
  3061 | D:4      | 3061 ||| Stepping ~*~*~tactically~*~*~ (stealth).
  3121 | D:4      | Identified the +6 dagger "Spiderbane" {vamp, *Rage rF+ rN+}
  3215 | D:4      | 3215 ||| Stepping ~*~*~tactically~*~*~ (stealth).
  3220 | D:4      | Reached skill level 6 in Unarmed Combat
  3278 | D:4      | 3278 ||| INVOKING Fiery Armour.
  3296 | D:4      | Found a staircase to the Ecumenical Temple.
  3303 | D:4      | 3303 ||| Stepping ~*~*~tactically~*~*~ (stealth).
  3305 | D:4      | 3305 ||| Stepping ~*~*~tactically~*~*~ (stealth).
  3315 | D:4      | Noticed Robin
  3325 | D:4      | Killed Robin
  3330 | D:4      | 3330 ||| Stepping ~*~*~tactically~*~*~ (outnumbered).
  3334 | D:4      | 3334 ||| Stepping ~*~*~tactically~*~*~ (outnumbered).
  3335 | D:4      | 3335 ||| Stepping ~*~*~tactically~*~*~ (outnumbered).
  3336 | D:4      | 3336 ||| Stepping ~*~*~tactically~*~*~ (outnumbered).
  3337 | D:4      | 3337 ||| Stepping ~*~*~tactically~*~*~ (outnumbered).
  3338 | D:4      | 3338 ||| Stepping ~*~*~tactically~*~*~ (outnumbered).
  3720 | D:4      | 3720 ||| Stepping ~*~*~tactically~*~*~ (stealth).
  3725 | D:4      | 3725 ||| RIP SEWER
  3746 | D:4      | 3746 ||| PLANNING D:1-11
  3799 | D:4      | 3799 ||| Stepping ~*~*~tactically~*~*~ (hiding).
  3810 | D:4      | Reached XP level 6. HP: 54/59 MP: 6/6
  3823 | D:4      | 3823 ||| INVOKING Fiery Armour.
  4047 | D:4      | 4047 ||| UPGRADING to +2 tower shield.
  4052 | D:4      | 4052 ||| DROPPING +6 ring of intelligence.
  4053 | D:4      | 4053 ||| READING scroll labelled ITWOINN ZESYLO.
  4054 | D:4      | 4054 ||| READING scroll labelled TEGARGHE PEJOSU.
  4082 | D:4      | 4082 ||| READING 2 scrolls labelled ZOIGEAZ OHUDO.
  4083 | D:4      | 4083 ||| READING scroll labelled KEUGUC KAKHI.
  4084 | D:4      | 4084 ||| READING scroll labelled HAACKE PUDE.
  4085 | D:4      | 4085 ||| READING 2 scrolls of identify.
  4085 | D:4      | 4085 ||| IDENTIFYING sapphire potion
  4086 | D:4      | 4086 ||| DROPPING scroll of noise.
  4087 | D:4      | 4087 ||| DROPPING potion of lignification.
  4088 | D:4      | 4088 ||| READING scroll of teleportation.
  4106 | D:3      | 4106 ||| Stepping randomly (stuck).
  4123 | D:5      | Entered Level 5 of the Dungeon
  4124 | D:5      | 4124 ||| INVOKING Fiery Armour.
  4125 | D:5      | 4125 ||| STAIRDANCE
  4141 | D:5      | 4141 ||| STAIRDANCE
  4148 | D:5      | 4148 ||| STAIRDANCE
  4180 | D:5      | Reached skill level 1 in Shields
  4224 | D:5      | Noticed Menkaure
  4225 | D:5      | 4225 ||| Stepping ~*~*~tactically~*~*~ (hiding).
  4226 | D:5      | 4226 ||| Stepping ~*~*~tactically~*~*~ (hiding).
  4234 | D:5      | HP: 11/59 [??? (9)]
  4235 | D:5      | 4235 ||| DRINKING 2 potions of heal wounds.
  4236 | D:5      | 4236 ||| INVOKING Fiery Armour.
  4238 | D:5      | 4238 ||| DRINKING potion of heal wounds.
  4239 | D:5      | Killed Menkaure
  4240 | D:5      | Reached skill level 2 in Shields
  4240 | D:5      | Reached XP level 7. HP: 22/66 MP: 7/7
  4325 | D:5      | Noticed a +0 dagger
  4333 | D:5      | Identified the +5 flail of Joyful Slaughter {freeze, Dex+4}
  4341 | D:5      | Found a hide-covered altar of Uskayaw.
  4342 | D:5      | Noticed a +0 hand axe
  4389 | D:5      | Reached skill level 3 in Shields
  4415 | D:5      | Found an ancient bone altar of Kikubaaqudgha.
  4424 | D:5      | Noticed Edmund
  4432 | D:5      | Killed Edmund
  4433 | D:5      | Reached skill level 4 in Shields
  4481 | D:5      | Found a blossoming altar of Fedhas.
  4481 | D:5      | Found a faded altar of an unknown god.
  4510 | D:5      | Found a glowing silver altar of Zin.
  4512 | D:5      | Found a broken altar of Ashenzari.
  4514 | D:5      | Found an ornate altar of the Wu Jian Council.
  4619 | D:5      | Noticed Eustachio
  4631 | D:5      | 4631 ||| INVOKING Fiery Armour.
  4632 | D:5      | 4632 ||| Stepping ~*~*~tactically~*~*~ (outnumbered).
  4640 | D:5      | Killed Eustachio
  4641 | D:5      | Reached skill level 5 in Shields
  4758 | D:5      | 4758 ||| READING 2 scrolls of identify.
  4758 | D:5      | 4758 ||| IDENTIFYING fuming pink potion
  4759 | D:5      | 4759 ||| DROPPING potion of flight.
  4782 | D:6      | Found a burning altar of Makhleb.
  4827 | D:6      | Reached XP level 8. HP: 74/74 MP: 8/8
  4839 | D:6      | Reached skill level 6 in Shields
  4906 | D:6      | Found a bloodstained altar of Trog.
  5045 | D:6      | Noticed Duvessa
  5045 | D:6      | Noticed Dowan
  5046 | D:6      | 5046 ||| Stepping ~*~*~tactically~*~*~ (hiding).
  5059 | D:6      | Killed Duvessa
  5060 | D:6      | Killed Dowan
  5061 | D:6      | Reached skill level 7 in Shields
  5314 | D:6      | Reached skill level 8 in Shields
  5372 | D:6      | 5372 ||| READING scroll labelled XYCSEG GETE.
  5373 | D:6      | 5373 ||| READING 2 scrolls of identify.
  5373 | D:6      | 5373 ||| IDENTIFYING amethyst potion
  5553 | D:7      | 5553 ||| INVOKING Fiery Armour.
  5597 | D:7      | Identified the +1 flail of the Chewing Weasel {flame, rN+
                  | Str+3}
  5660 | D:7      | 5660 ||| Stepping randomly (disturbance).
  5680 | D:7      | HP: 12/74 [something (10)]
  5681 | D:7      | HP: 2/74 [something (6)]
  5686 | D:7      | Slain by an unseen horror

Levels and vault maps discovered:
D:1:      dpeg_arrival_connections, layout_basic, serial_shops, shop
D:2:      layout_basic, uniq_terence, uniq_crazy_yiuf_cottage
D:3:      layout_basic, mainiacjoe_overflow_cross_hatched,
          serial_co_window_serial, co_window_paths_a,
          co_window_of_opportunity_a, co_window_paths_b,
          co_window_of_opportunity_a, co_window_paths_b,
          co_window_of_opportunity_a, co_window_corner_cb, co_window_corner_cb,
          co_window_of_opportunity_c, co_window_4corner_b, co_window_4corner_a,
          glass_columns_a, glass_columns_b, glass_columns_a,
          chequers_ecumenical_altar_simple_redux, serial_shops, shop, uniq_ijyb
D:4:      layout_loops_corners, minmay_temple_entry_mist,
          gup_sewer_entry_spiral, uniq_robin
D:5:      layout_rooms, kennysheep_little_box, dancing_weapons_uskayaw,
          chequers_temple_overflow_minitemple, uniq_edmund, uniq_menkaure,
          uniq_eustachio
D:6:      layout_rooms, mainiacjoe_overflow_24_doors,
          mainiacjoe_overflow_chevrons, uniq_duvessa
D:7:      layout_loops_cross, uniq_prince_ribbit1

Skill      XL: |  1  2  3  4  5  6  7  8 |
---------------+-------------------------+-----
Unarmed Combat | 4 5 6 7 |  7.3
Shields        | 2 5 8 |  8.7
Fighting       | |  2.4
Spellcasting   | |  1.0
Fire Magic     | |  2.1

Action                   |  1- 3 |  4- 6 |  7- 9 || total
-------------------------+-------+-------+-------++-------
Melee: Unarmed           |    67 |   180 |   150 ||   397
       Punch             |       |     4 |       ||     4
Invok: Fiery Armour      |       |     5 |     2 ||     7
  Use: Scroll            |     5 |    11 |     3 ||    19
       Potion            |     2 |     3 |       ||     5
Armor: Robe              |    27 |    68 |    45 ||   140
Dodge: Dodged            |    21 |    56 |    27 ||   104
Block: Tower shield      |       |    10 |    91 ||   101

Table legend:
 A = Non-vault XP
 B = Vault XP
 C = Vault XP percentage of total XP
 D = Non-vault monster count
 E = Vault monster count
 F = Vault count percentage of total count
                 A         B        C        D         E       F
            +---------+---------+-------+---------+---------+-------
      Total |    1899 |     875 |  31.5 |     104 |      26 |  20.0
            +---------+---------+-------+---------+---------+-------
        D:1 |      47 |       0 |   0.0 |      21 |       0 |   0.0
        D:2 |      63 |      32 |  33.7 |      21 |       1 |   4.5
        D:3 |      32 |      38 |  54.3 |      17 |       1 |   5.6
        D:4 |     288 |      59 |  17.0 |      21 |      19 |  47.5
        D:5 |     201 |     535 |  72.7 |       6 |       3 |  33.3
        D:6 |     845 |     211 |  20.0 |      13 |       2 |  13.3
        D:7 |     423 |       0 |   0.0 |       5 |       0 |   0.0
            +---------+---------+-------+---------+---------+-------
